[Event "21st Bangkok CC Open 2024"]
[Site "Bangkok"]
[Date "2024.04.19"]
[Round "7.3"]
[White "Pham Tran Gia Phuc"]
[Black "Danilenko, Dmitriy"]
[Result "1/2-1/2"]
[ECO "D02"]
[WhiteElo "2423"]
[BlackElo "2400"]
[Annotator "TA"]
[PlyCount "87"]
[EventDate "2024.04.13"]
[EventType "swiss"]
[EventCountry "THA"]
[SourceTitle "playchess.com"]
[Source "ChessBase"]
[SourceQuality "1"]
[TimeControl "40/5400+30:1800+30"]

1. d4 d5 2. Bf4 Nf6 3. Nf3 c5 4. e3 e6 5. c3 Bd6 6. Bd3 Bxf4 7. exf4 Qc7 8. g3 b6 9. Nbd2 O-O 10. Qe2 a5 11. h4 Ba6 12. Bxa6 Nxa6 13. h5 h6 14. Kf1 b5 15. Kg2 cxd4 16. cxd4 Qb6 17. a3 Rfc8 18. Qd3 {[%emt 0:03:14] Wards off Rc2} a4 19. Ne5 Nb8 20. Rac1 Nc6 21. Rc5 $1 Na7 (21... Nxd4 $2 22. Rhc1 Rxc5 23. Qxd4 $18) 22. Qc2 Qb7 (22... Qd8 {feels hotter.} 23. Rc1 Nxh5 24. Rc7 Nf6) 23. Rc1 Rxc5 24. dxc5 (24. Qxc5 Rc8 $11 (24... Nxh5 25. Qc7 $14) (24... Nxh5 25. Qc7 $16)) 24... Rc8 25. Ndf3 {[%emt 0:03:52] White is more active.} ({White should play} 25. c6 $16 Qb6 26. f5) 25... Ne4 $1 $11 26. Nd3 Nc6 27. Nb4 Na5 28. c6 Qb6 29. f5 Nxc6 {[%emt 0:03:15][%cal Oc6d8] Threatens to win with ...Nd8!} 30. Ne5 $2 (30. Nxc6 $2 Rxc6 (30... exf5 $2 {loses.} 31. Ne7+ Kh7 32. Nxc8 $18) 31. Ne5 Rxc2 $19) (30. Qe2 $1 $11 {and White stays safe.}) 30... Ne7 31. Qxc8+ Nxc8 32. Rxc8+ Kh7 33. Nbd3 {[%emt 0:00:07][%cal Oe5g6] Threatening mate with Ng6!} Nd6 $1 (33... exf5 $2 {is the wrong capture.} 34. Nd7 Qb7 35. Nf8+ Kg8 36. Ng6+ Qxc8 37. Ne7+ Kh7 38. Nxc8 $18) 34. Rc6 Qd8 35. fxe6 fxe6 36. Nf4 d4 (36... Nc4 $1 $19 37. Rxe6 d4 (37... Nxb2 38. Neg6 $11)) 37. Nxe6 $17 {[%emt 0:00:21] [#]} Qa8 38. Nxd4 Nc4 39. Nxc4 bxc4 40. Kg1 {[%emt 0:00:51] [#]} Qg8 41. Rc5 {[%emt 0:33:50] Against Qd5} Qe8 ({Black should try} 41... Qf7 $17 42. Nc2 Qb7 43. Rxc4 Qxb2) 42. Rxc4 $11 {[%emt 0:00:00] The position is equal.} Qxh5 43. Rb4 $1 Qd1+ 44. Kg2 {[%emt 0:00:00] Weighted Error Value: White=0.12 (very precise) /Black=0.16 (very precise) .  Loses game:     	White=1     	---        Mistake:       	White=1     	Black=2      Inaccurate:     	White=1     	Black=4      OK:         	White=16    	Black=11     Best:        	White=5     	Black=2      Strong:       	White=2     	Black=2} 1/2-1/2

[Event "21st Bangkok CC Open 2024"]
[Site "Bangkok"]
[Date "2024.04.19"]
[Round "7.4"]
[White "Ritviz, Parab"]
[Black "Harsh Suresh"]
[Result "1/2-1/2"]
[ECO "B54"]
[WhiteElo "2346"]
[BlackElo "2413"]
[Annotator "TA"]
[PlyCount "88"]
[EventDate "2024.04.13"]
[EventType "swiss"]
[EventCountry "THA"]
[SourceTitle "playchess.com"]
[Source "ChessBase"]
[SourceQuality "1"]
[TimeControl "40/5400+30:1800+30"]

1. e4 c5 2. Nf3 d6 3. Bb5+ Bd7 4. c4 Nf6 5. Nc3 g6 6. O-O Bg7 7. d4 cxd4 8. Nxd4 Nc6 9. Be3 Ng4 10. Nxc6 bxc6 11. Bxc6 Nxe3 {[%emt 0:00:17] Black is slightly better.} 12. Bxd7+ Qxd7 13. fxe3 Bxc3 14. bxc3 Rc8 15. Qd4 {[%emt 0:28:07] Inhibits Rc5.} O-O 16. e5 Rc6 17. Rad1 Qc7 {[%emt 0:02:32][%csl LRc4,LRe5] Inhibits c5.} (17... Rfc8 {seems wilder.} 18. Qd5 Qe8 19. exd6 Rxd6 20. Qb7 Rxc4 21. Qxa7 Qd8) 18. exd6 Rxd6 19. Qf4 Rc6 20. Qxc7 Rxc7 $11 {[%emt 0:00:21][%mdl 4096] Endgame. KRR-KRR} 21. Rb1 (21. Rf4 $11 {remains equal.}) 21... Rd8 $17 22. Rfd1 Rxd1+ 23. Rxd1 Rxc4 {[%emt 0:00:02] KR-KR} 24. Rc1 Kg7 25. Kf2 Kf6 26. Ke2 Ke5 27. Kd3 Ra4 28. Rc2 f5 29. Rb2 Kd5 30. Rb7 e5 ({Reject} 30... Rxa2 $6 31. Rxe7 h5 (31... Rxg2 32. Rxh7 g5 33. h4 $11) 32. g3 $11) (30... Ke6 $17 31. Rb2 Kd5) 31. c4+ $1 $15 Ke6 32. Rxh7 Ra3+ 33. Ke2 {[%emt 0:00:32] The position is equal.} Rxa2+ 34. Kf3 e4+ 35. Kg3 a5 36. Ra7 g5 {[%emt 0:01:33] aiming for ...Ra3.} 37. h4 gxh4+ 38. Kxh4 Ra3 39. Kg5 Rxe3 {[%emt 0:00:35] [#] Strongly threatening ...Rg3+.} 40. Ra6+ (40. Rxa5 Rg3+ 41. Kf4 Rg4+ (41... Rxg2 42. Re5+ Kd6 43. c5+ Kc6 44. Kxf5 $11) 42. Ke3 Rxg2 43. Ra6+ Ke5 44. Ra5+ Kf6 45. Ra6+ Kg5 $19) 40... Ke5 41. Rxa5+ Kd4 42. Kxf5 Rg3 43. Rd5+ Kxc4 44. Kxe4 Rxg2 {[%emt 0:00:00] Weighted Error Value: White=0.07 (flawless) /Black=0.08 (flawless) .  Mistake:       	White=1     	Black=1      Inaccurate:     	---       	Black=1      OK:         	White=14    	Black=12     Best:        	White=7     	Black=5      Strong:       	White=1     	---} 1/2-1/2

[Event "21st Bangkok CC Open 2024"]
[Site "Bangkok"]
[Date "2024.04.19"]
[Round "7.5"]
[White "Pranesh M"]
[Black "Dinh Nho Kiet"]
[Result "1-0"]
[ECO "B12"]
[WhiteElo "2538"]
[BlackElo "2245"]
[Annotator "TA"]
[PlyCount "99"]
[EventDate "2024.04.13"]
[EventType "swiss"]
[EventCountry "THA"]
[SourceTitle "playchess.com"]
[Source "ChessBase"]
[SourceQuality "1"]
[TimeControl "40/5400+30:1800+30"]

1. e4 c6 2. d4 d5 3. e5 Bf5 4. g4 Be4 5. f3 Bg6 6. e6 Qd6 7. exf7+ Bxf7 8. f4 {[%emt 0:00:04] The position is equal.} Nf6 9. Nc3 Nbd7 10. Bh3 g6 11. Nf3 Bg7 12. Ne5 Ne4 (12... Be6 $14) 13. Nxf7 Kxf7 14. Nxe4 dxe4 15. c3 c5 16. Qb3+ $1 Ke8 (16... e6 17. f5 Rhe8 18. fxe6+ (18. Qxb7 cxd4 19. f6 Bxf6 $11) 18... Qxe6 19. Rf1+ (19. Qxb7 cxd4 20. cxd4 Bxd4 $19) 19... Kg8 20. g5 (20. Qxb7 $2 Rab8 $19) 20... Qxb3 21. axb3 $18) 17. Be3 (17. Qxb7 $6 Rb8 18. Qxe4 (18. Qxa7 cxd4 19. O-O dxc3 $19) 18... cxd4 $11) (17. d5 $1 $16) 17... cxd4 $11 18. cxd4 Qb6 19. g5 h6 (19... Rd8 $11 {should be considered.}) 20. Be6 $16 Qxb3 21. axb3 (21. Bxb3 Rd8 $11) 21... Nf8 22. Bg4 {[%emt 0:04:00] White is much more active.} Rd8 23. Rd1 (23. Rxa7 $16 Kf7 24. d5 (24. Rxb7 Ne6 $16)) 23... e6 (23... Nd7 $11 {might be stronger.}) 24. Ke2 Rd5 25. h4 Rb5 26. Rc1 Rxb3 27. Rc8+ Ke7 $1 {[%emt 0:01:18] ...h5 is the strong threat.} (27... Kd7 $2 28. Rhc1 Kd6 29. d5 (29. R1c7 Nd7 $11) 29... Rxb2+ 30. Kf1 $18) 28. Rhc1 $36 {[%emt 0:00:00][%mdl 2048] White has the initiative.} Rxb2+ (28... Nd7 29. d5 hxg5 (29... Rxb2+ $2 30. Kf1 $18) (29... exd5 $2 30. Rxh8 Bxh8 31. Rc7 $18) 30. Rxh8 Bxh8 (30... Rxb2+ $2 31. Kf1 $18) 31. hxg5 (31. dxe6 gxf4 32. Bxa7 f3+ 33. Ke1 Bxb2 $14) 31... Rxb2+ 32. Kf1 $18) ({Black should play} 28... hxg5 $11 29. d5 gxf4 (29... Rxb2+ $2 30. Kf1 $18) (29... Rxh4 $2 30. R1c7+ Kd6 31. Bc5+ Kxd5 32. Rd8+ Kc4 33. Bxf8+ Kb5 34. Rxb7+ Kc6 35. Rxb3 $18) (29... gxh4 $2 30. Bc5+ Kd7 31. Bxf8 $18) 30. Bxf4 Rxb2+ (30... exd5 $2 31. R1c7+ Kf6 32. Bg5+ Ke5 33. Rxg7 $18) 31. Kd1 Kf6 (31... exd5 $2 32. R1c7+ Kf6 33. Bg5+ Ke5 34. Rxg7 $18) 32. Bg5+ Ke5) 29. Kf1 $14 (29. Ke1 Rb3 (29... Nd7 30. d5 $18) 30. Ke2 (30. R1c7+ Nd7 $15) 30... hxg5 $11) 29... Nd7 $2 (29... Rb5 $1 $14) 30. Rxh8 $18 Bxh8 31. d5 $1 (31. gxh6 Nf6 32. Bd1 Kd7 $17 (32... Nd5 33. Bg1 $19)) 31... Rb3 {[%emt 0:04:29] [#]} 32. dxe6 $2 (32. Rc7 $1 $18 Rxe3 33. dxe6 hxg5 (33... Rd3 $2 34. gxh6 Kd8 35. Rc8+ Kxc8 36. e7 $18) 34. exd7 (34. Rxd7+ Ke8 $18)) 32... Rxe3 $4 (32... h5 $1 $11 33. Bxh5 (33. Bxa7 hxg4 34. exd7 Kxd7 $17) 33... gxh5 34. exd7 Rxe3) 33. Rc7 Rd3 (33... hxg5 34. exd7 (34. Rxd7+ Ke8 $18) 34... Bd4 (34... gxh4 $2 35. Rc8 $18)) 34. gxh6 $1 (34. Rxd7+ Rxd7 35. exd7 hxg5 36. hxg5 Bd4 $11) (34. exd7 h5 35. d8=R+ Kxd8 36. Rc8+ Ke7 37. Bxh5 gxh5 $16) 34... Kd8 35. Rxb7 $2 ({Weaker is} 35. Rxd7+ Rxd7 36. exd7 a5 $16) (35. Rc8+ Kxc8 36. e7 (36. exd7+ $2 {too greedy.} Kd8 $19)) 35... Nf6 {[%emt 0:02:39] [#]} 36. Rb8+ $2 ({White must play} 36. Be2 $1 $18 Kc8 37. Rf7) 36... Ke7 $14 {[%emt 0:00:07] And now ...Rd8 would win.} 37. Rxh8 Rd8 $2 {[%emt 0:02:43][%mdl 8192] Against h7} (37... Nxg4 $14 38. h7 Nf6 (38... Kxe6 $2 {loses.} 39. Re8+ Kd7 40. h8=Q $18)) 38. Rxd8 $18 Kxd8 {[%emt 0:00:01][%mdl 4096] Endgame. [#] KB-KN} 39. h5 $1 {[%emt 0:00:00][%mdl 512] White mates.} gxh5 40. Bf5 Ke7 41. h7 Nxh7 42. Bxh7 a5 43. Bxe4 Kxe6 {[%emt 0:00:01] KB-KPP} 44. Kf2 a4 45. Bb1 a3 46. Ke3 Kf6 47. Ke4 Ke6 48. Ba2+ Kf6 49. Bd5 Kg6 50. Ke5 {[%emt 0:30:14] Weighted Error Value: White=0.28 (precise) /Black=0.30.  Loses game:     	---       	Black=3      Missed win:     	White=1     	---        Mistake:       	White=2     	Black=5      Inaccurate:     	White=1     	Black=1      OK:         	White=13    	Black=8      Best:        	White=3     	Black=3      Strong:       	White=3     	Black=1} 1-0

[Event "21st Bangkok CC Open 2024"]
[Site "Bangkok"]
[Date "2024.04.19"]
[Round "7.6"]
[White "Badmatsyrenov, Oleg"]
[Black "Mitrabha, Guha"]
[Result "0-1"]
[ECO "C00"]
[WhiteElo "2410"]
[BlackElo "2537"]
[Annotator "TA"]
[PlyCount "114"]
[EventDate "2024.04.13"]
[EventType "swiss"]
[EventCountry "THA"]
[SourceTitle "playchess.com"]
[Source "ChessBase"]
[SourceQuality "1"]
[TimeControl "40/5400+30:1800+30"]

1. e4 e6 2. Qe2 c5 3. b3 Nc6 4. Bb2 Nd4 5. Qd3 Ne7 6. Bxd4 {[%emt 0:00:17] C00: French: Unusual White 2nd moves.} cxd4 7. Qxd4 f5 $146 ({Predecessor:} 7... Nc6 8. Qb2 Qh4 9. d3 Bc5 10. c3 O-O 11. Nf3 Qg4 12. h3 Qg6 13. Nbd2 d5 {½-½ Rakhmatullaev,A (2424)-Yatzenko,A (2308) Moscow Aeroflot op-A 2024 (3)}) 8. exf5 Nxf5 9. Qa4 Bc5 10. Nc3 O-O 11. Nf3 Nh4 12. O-O-O Nxf3 13. gxf3 d5 14. Rg1 Qf6 15. Bd3 Qd4 16. Rg4 Qxa4 17. Nxa4 Ba3+ 18. Kb1 Rxf3 19. Rdg1 Bf8 20. R1g2 Kh8 21. Nc3 Bd7 22. Bb5 Bc6 23. Bxc6 bxc6 24. Ne2 e5 25. c3 Re8 26. Kc2 Re7 27. Ng1 Rf5 28. f3 Ref7 29. Re2 (29. Ra4 $15 {might be stronger.}) 29... Bc5 30. Re1 (30. b4 $15 Bd6 31. d4) 30... Bf2 31. Re2 Bb6 32. Re1 Rh5 33. Rg2 g6 34. b4 Kg7 35. a4 a6 36. b5 axb5 37. axb5 cxb5 38. Rb1 Bxg1 39. Rgxg1 Rxf3 40. Rxb5 e4 (40... Rxh2 41. Rxd5 e4 42. Re1 $17) 41. Re1 Rd3 (41... Rxh2 42. Rxd5 e3 43. Kd1) 42. Re2 Rdh3 43. c4 Rxh2 (43... dxc4 44. Rb7+ Kf6 45. Rxe4) 44. Rxh2 Rxh2 45. Rxd5 e3 46. c5 e2 47. Re5 {[%emt 0:00:04] [#]} Rh5 $1 48. Rxe2 Rxc5+ 49. Kb3 $2 (49. Kd3) 49... h5 $19 50. d4 Rc1 51. d5 h4 52. Kb4 g5 53. d6 Rd1 54. Kc5 h3 55. Kc6 Kf6 56. d7 g4 57. Re1 Rd3 (57... Rxe1 58. d8=Q+ (58. d8=R $2 {perishes.} h2 $19) 58... Kf5 59. Qf8+ Kg5 60. Qc5+ Kh6 61. Qf2 Re6+ (61... Rc1+ $2 62. Kd7 $18) 62. Kd5 $18) (57... Rxd7 $142 58. Kxd7 h2 59. Rh1 g3 60. Kd6 Kg5 (60... g2 61. Rxh2 g1=Q 62. Rh6+ Kg7 63. Re6 $19) 61. Ke5 Kg4 (61... g2 62. Rxh2 g1=Q 63. Re2 $19) 62. Ke6 Kh3 (62... g2 63. Rxh2 g1=Q 64. Re2 Qb6+ 65. Kf7 Qb3+ 66. Ke7 Qb7+ 67. Kd8 Qb6+ 68. Ke7 Kf5 69. Rc2 Qe3+ 70. Kf8 Qa7 71. Kg8 Qb7 72. Kf8 Kg6 73. Rf2 Qa7 74. Rf3 Qa8+ 75. Ke7 Qxf3 76. Kd7 Qd5+ 77. Kc8 Kf6 78. Kc7 Ke7 79. Kb6 Kd7 80. Ka7 Kc6 81. Kb8 Qb3+ 82. Kc8 Qg8#) 63. Ra1 g2 64. Ra7 g1=Q (64... h1=R 65. Rh7+ Kg3 66. Rg7+ Kf3 67. Rb7 g1=Q 68. Rb3+ Ke4 69. Rb4+ Kd3 70. Rb3+ Kc4 71. Rb2 Qg6+ 72. Ke5 Re1+ 73. Kf4 Rf1+ 74. Rf2 Rxf2+ 75. Ke5 Qf6+ 76. Ke4 Qf4#) 65. Rh7+ Kg4 66. Kd5 Qd1+ (66... h1=R 67. Rg7+ Kf4 68. Rxg1 Rxg1 69. Kd4 Rg5 70. Kd3 Rd5+ 71. Kc4 Ke4 72. Kc3 Rd4 73. Kc2 Rd3 74. Kc1 Ke3 75. Kc2 Ke2 76. Kb1 Kd2 77. Kb2 Re3 78. Ka1 Kc2 79. Ka2 Rh3 80. Ka1 Ra3#) (66... h1=Q+ 67. Rxh1 Qxh1+ 68. Kd6 Kf5 69. Kc5 Qe4 70. Kb5 Ke5 71. Kb6 Qd5 72. Kc7 Qb5 73. Kd8 Kd6 74. Kc8 Qb4 75. Kd8 Qb8#) 67. Ke5 Qe2+ (67... h1=R 68. Rxh1 Qxh1 69. Kd6 Qc1 70. Kd5 Qc3 71. Kd6 Kf5 72. Kd5 Qb4 73. Kc6 Ke6 74. Kc7 Qb5 75. Kc8 Kd6 76. Kd8 Qd7#) (67... Qa1+ 68. Ke6 Qa6+ 69. Ke5 Qe2+ 70. Kf6 Qf2+ 71. Kg7 Qa7+ 72. Kh8) 68. Kf6 Qf3+ (68... h1=Q 69. Rxh1 Qf3+ 70. Ke7 Qxh1 71. Kd6 Qe4 72. Kc7 Qd5 73. Kc8 Kf5 74. Kc7 Ke5 75. Kc8 Kd6 76. Kb8 Qb3+ 77. Kc8 Qb5 78. Kd8 Qd7#) 69. Kg7 h1=Q (69... h1=R 70. Rxh1 Qxh1 71. Kg6 Qe4+ 72. Kg7 Kf5 73. Kg8 Kf6 74. Kh8 Kg6 75. Kg8 Qe8#) 70. Rxh1 Qxh1 71. Kg6 Qe4+ 72. Kg7 Kf5 73. Kf7 Qb7+ 74. Ke8 Ke6 75. Kf8 Qf7#) 0-1

[Event "21st Bangkok CC Open 2024"]
[Site "Bangkok"]
[Date "2024.04.19"]
[Round "7.7"]
[White "Arfan, Aditya Bagus"]
[Black "Makhnev, Denis"]
[Result "0-1"]
[ECO "A09"]
[WhiteElo "2407"]
[BlackElo "2516"]
[Annotator "TA"]
[PlyCount "78"]
[EventDate "2024.04.13"]
[EventType "swiss"]
[EventCountry "THA"]
[SourceTitle "playchess.com"]
[Source "ChessBase"]
[SourceQuality "1"]
[TimeControl "40/5400+30:1800+30"]

1. Nf3 d5 2. c4 d4 3. b4 g5 4. h3 h6 5. g3 Bg7 6. d3 {[%emt 0:00:23] A09: Réti Opening: 1 Nf3 d5 2 c4.} e5 7. Nbd2 Ne7 8. Bg2 Ng6 9. a4 Nd7 $146 ({Predecessor:} 9... O-O 10. b5 Re8 11. Ba3 f5 12. O-O e4 13. Ne1 e3 14. Nb3 exf2+ 15. Rxf2 Re3 {0-1 Petrov,N (2561)-Indjic,A (2589) EU-ch Blitz Zagreb 2023 (10)}) 10. Ba3 O-O 11. b5 Re8 12. Nb3 f5 13. O-O Nf6 14. Nfd2 Rb8 15. Qc2 (15. Nf3 $11) 15... h5 $1 $17 16. e3 dxe3 17. fxe3 h4 (17... c6 $15 {keeps the upper hand.}) 18. g4 $1 $16 fxg4 19. Ne4 (19. d4 $1 $16 Nf8 (19... gxh3 20. Qxg6 hxg2 21. Rxf6 $16) 20. Ne4) 19... gxh3 $11 20. Nxf6+ Bxf6 21. Bd5+ Kg7 22. Nc5 c6 23. bxc6 (23. Be4 $11) 23... bxc6 $15 24. Bxc6 {[%emt 0:00:30] [#]} (24. Be4 $17) 24... g4 $2 ({Better is} 24... Rf8 $1 $19 {And now ...Be7 would win.} 25. Ne4 (25. Be4 Be7) 25... Be7 26. Rxf8 Nxf8 (26... Qxf8 27. Rf1 $17) (26... Bxf8 27. Bxf8+ Qxf8 28. Rf1 $17) 27. Bxe7 Qxe7) 25. Ne4 (25. Bxe8 $11 {keeps the balance.} Qxe8 26. Ne4) 25... Re6 $17 26. Bd5 {[%emt 0:00:15] [#]} Ra6 $1 27. Qe2 Kh6 28. Bc5 (28. Nc5 $17 g3 29. Nxa6 Bxa6 30. Be4) 28... Be7 $19 29. d4 g3 30. Rf7 $2 (30. Bxe7 $17 {is more resistant.} Nxe7 31. Nf6 h2+ 32. Kh1 Rxf6 33. Rxf6+ Kg5 34. Be4 Kxf6 35. Qh5) 30... Bxc5 $19 31. dxc5 h2+ (31... Be6 32. Bxe6 Rxe6 33. Qg4 $11) 32. Kg2 {[%emt 0:00:47] [#]} (32. Kh1 $142 Nh8 (32... Be6 $2 33. Bxe6 Rxe6 34. Qg4 $18) 33. Rff1) 32... Bd7 $2 ({Don't blunder} 32... Be6 $2 33. Bxe6 Rxe6 34. Qg4 $18) (32... Nh8 $1 $19 33. Rff1 Rg6) 33. Raf1 $1 $11 Be8 $1 ({Stronger than} 33... Rxa4 34. Rh7+ (34. Nf6 Qxf6 35. R1xf6 h1=B+ 36. Kxh1 Ra1+ 37. Kg2 h3+ 38. Kxg3 Rg1+ 39. Kh2 Be8 $18) 34... Kxh7 35. Qh5+ Kg7 36. Rf7+ Kg8 37. Qh7#) 34. R7f5 $2 (34. Nf6 $11 {and White stays safe.} Rxf6 (34... Bxf7 35. Qh5+ Kg7 36. Qh7+ Kf8 37. Qxf7#) 35. R7xf6) 34... Ne7 $1 $19 35. Rxe5 Bg6 36. Qg4 $2 (36. Kh3) 36... Nxd5 37. cxd5 Rb2+ 38. Nf2 Qf6 39. Kh3 Rxf2 0-1

[Event "21st Bangkok CC Open 2024"]
[Site "Bangkok"]
[Date "2024.04.19"]
[Round "7.8"]
[White "Samant Aditya S"]
[Black "Sek, Konstantin"]
[Result "1/2-1/2"]
[ECO "C70"]
[WhiteElo "2512"]
[BlackElo "2397"]
[Annotator "TA"]
[PlyCount "81"]
[EventDate "2024.04.13"]
[EventType "swiss"]
[EventCountry "THA"]
[SourceTitle "playchess.com"]
[Source "ChessBase"]
[SourceQuality "1"]
[TimeControl "40/5400+30:1800+30"]

1. e4 e5 2. Nf3 Nc6 3. Bb5 a6 4. Ba4 Bc5 5. c3 Nge7 6. d4 exd4 7. cxd4 Bb4+ 8. Bd2 {[%emt 0:01:15] White has an edge.} Bxd2+ 9. Qxd2 d5 10. exd5 Qxd5 11. Nc3 Qe6+ 12. Qe3 O-O 13. O-O Qd6 14. Ne4 Qd8 (14... Qg6 {looks sharper.} 15. Rfe1 Be6 16. Qf4 b5) 15. Ng3 Nd5 16. Qd2 Nce7 17. Bc2 b6 18. Rfe1 Bb7 19. Rac1 (19. Be4 {feels hotter.} Ng6 20. Ne5 Re8 21. Nh5) 19... Nf6 20. Ne4 Nxe4 21. Bxe4 Bxe4 22. Rxe4 Nd5 23. Rce1 Qd6 24. Qc2 a5 25. a3 h6 26. Re5 Rad8 27. Nh4 {[%emt 0:08:15] [#] Black must now prevent Nf5.} Qf6 28. Nf5 {[%emt 0:05:37][%cal Oe5d5] And now Rxd5! would win.} Kh8 29. Qe4 c6 30. h3 a4 31. Ne3 ({White should try} 31. Rc1 $14) 31... Qd6 32. Nxd5 cxd5 33. Qf5 Qc6 34. Re7 {[%emt 0:00:30] The position is equal.} Kg8 35. Qf4 Qb5 36. R1e2 Rde8 37. Rxe8 Rxe8 38. Rxe8+ Qxe8 39. Qf5 Qb5 40. Qc8+ Kh7 41. Qf5+ {[%emt 0:02:08] Weighted Error Value: White=0.09 (flawless) /Black=0.08 (flawless) .  Mistake:       	White=1     	---        Inaccurate:     	White=2     	Black=3      OK:         	White=9     	Black=15     Best:        	---       	Black=1} 1/2-1/2

[Event "21st Bangkok CC Open 2024"]
[Site "Bangkok"]
[Date "2024.04.19"]
[Round "7.9"]
[White "Hari Madhavan N B"]
[Black "Lalit Babu M R"]
[Result "0-1"]
[ECO "E10"]
[WhiteElo "2395"]
[BlackElo "2508"]
[Annotator "TA"]
[PlyCount "78"]
[EventDate "2024.04.13"]
[EventType "swiss"]
[EventCountry "THA"]
[SourceTitle "playchess.com"]
[Source "ChessBase"]
[SourceQuality "1"]
[TimeControl "40/5400+30:1800+30"]

1. d4 Nf6 2. c4 e6 3. Nf3 h6 4. g3 d5 5. Bg2 Bd6 6. O-O O-O 7. Qc2 b6 8. cxd5 {[%emt 0:00:29] White has an edge.} exd5 9. Nc3 Bb7 10. Nb5 Nc6 11. Nxd6 cxd6 12. b3 Re8 13. Qb2 Ba6 14. Re1 Qd7 15. Bf4 g5 16. Be3 Ng4 17. Rac1 (17. Bc1 $14 {stays ahead.}) 17... Nxe3 $17 18. fxe3 Ne7 (18... Rxe3 $17 {...Rae8 would now be deadly.} 19. Nxg5 hxg5 20. Bxd5 Bb7) 19. Qd2 Qe6 20. Rc3 $1 Kg7 21. Rec1 Ng8 22. Ne1 (22. e4 $11) 22... Nf6 $15 23. Nc2 Ne4 24. Bxe4 Qxe4 25. Nb4 Bb5 26. a4 Bd7 27. Qc2 Qg4 28. Nxd5 Rac8 {[%emt 0:00:00] [#]} (28... Bf5 $1 $11 29. Qd1 Rab8) 29. e4 $1 $14 Rxc3 30. Nxc3 d5 31. Rf1 (31. exd5 Qxd4+ 32. Kg2 Re3 $17) (31. Nxd5 Qxe4 (31... Rxe4 32. Nc3 $11) 32. Qxe4 Rxe4 $11) 31... dxe4 (31... f5 $14) 32. Nd5 $16 {[%emt 0:00:11] Strongly threatening Nf6.} f5 33. Ne3 (33. Qc7 $16 f4 34. Qxa7) 33... Qh3 $1 $14 (33... Rc8 $2 34. Qxc8 Bxc8 35. Nxg4 $18) 34. d5 f4 35. Qc3+ (35. gxf4 $2 {is the wrong capture.} Qxe3+ 36. Kh1 Rf8 $19 (36... gxf4 37. Qc7 $11)) 35... Kh7 36. Nc4 (36. gxf4 $16 gxf4 37. Rxf4 Rg8+ 38. Kh1) 36... Rf8 $36 {[%emt 0:00:00][%mdl 2048] ( -> ...fxg3). Black has the initiative.} 37. Rf2 {[%emt 0:00:53] [#]} (37. Nd2 $11) 37... e3 $1 $17 38. Rf3 {[%emt 0:01:35][%mdl 8192] [#]} (38. Nxe3 $17 fxg3 39. hxg3 (39. Rxf8 $2 {gets mated.} Qxh2+ 40. Kf1 Qh1#) (39. Qd3+ $2 Bf5 $19) 39... Qxg3+ 40. Rg2) 38... fxg3 $1 $19 39. hxg3 (39. Qd3+ Bf5) 39... Rxf3 {[%emt 0:00:00] Quite a comeback for Black.   Weighted Error Value: White=0.60/Black=0.15 (very precise) .  Loses game:     	White=1     	---        Mistake:       	White=5     	Black=3      Inaccurate:     	White=4     	Black=6      OK:         	White=10    	Black=6      Best:        	White=1     	Black=3      Strong:       	White=1     	Black=2} 0-1

[Event "21st Bangkok CC Open 2024"]
[Site "Bangkok"]
[Date "2024.04.19"]
[Round "7.10"]
[White "Chernyavsky, Alexander"]
[Black "Sengupta, Deep"]
[Result "0-1"]
[ECO "E01"]
[WhiteElo "2354"]
[BlackElo "2500"]
[Annotator "TA"]
[PlyCount "62"]
[EventDate "2024.04.13"]
[EventType "swiss"]
[EventCountry "THA"]
[SourceTitle "playchess.com"]
[Source "ChessBase"]
[SourceQuality "1"]
[TimeControl "40/5400+30:1800+30"]

1. d4 d5 2. c4 c6 3. Nc3 Nf6 4. Nf3 e6 5. g3 dxc4 6. Bg2 Nbd7 7. O-O Bb4 8. Qc2 {[%emt 0:06:06][%mdl 1024] White has compensation.} O-O 9. e4 h6 10. e5 {[%emt 0:12:47] The position is equal.} Nd5 11. Ne4 b5 12. Neg5 $2 hxg5 $19 13. Nxg5 {[%emt 0:00:05] [#]} f5 (13... g6 $1 $19 {Threatens to win with ...N7b6.} 14. h4 N7b6) 14. Nxe6 $15 (14. a3 Be7 15. Nxe6 Qe8 16. Bxd5 cxd5 $19) 14... Qe7 15. Bxd5 ({Only move:} 15. Nxf8 $15 Qxf8 (15... Nxf8 16. a3 $11) 16. a4 (16. Bxd5+ cxd5 17. Bf4 Qe8 $19)) 15... cxd5 $19 16. Nf4 Bb7 17. Ng6 {[%emt 0:04:01] Prevents Ba5} (17. a3 Bc5 18. e6 Bxd4 19. exd7 Qxd7) (17. a4 $17) 17... Qe6 18. Nxf8 Rxf8 19. a4 {[%emt 0:01:02] White is weak on the light squares} Ba5 ({Black should play} 19... a6 $19 20. axb5 axb5) 20. axb5 $17 Bb6 {[%emt 0:00:04] Black is more active.} 21. Rd1 {[%emt 0:00:27] [#]} Nxe5 22. Qe2 $11 {[%emt 0:06:13] [#]} f4 $1 23. Bxf4 (23. Qxe5 $2 Qxe5 24. dxe5 fxg3 $19) 23... Rxf4 24. gxf4 Qg6+ 25. Kf1 $1 Nd3 {[%emt 0:03:22][%cal Ob7c8] Strongly threatening ...Bc8! Chess con chili.} 26. Qe3 $2 (26. Re1 $1 $11 {and White has nothing to worry.} Kh7 (26... Bxd4 27. Qe8+ Kh7 28. Qxg6+ Kxg6 29. Re7 $14) 27. Qe6 Nxe1 28. Qh3+ Kg8 29. Rxe1) 26... Bc8 $1 $19 (26... Nxb2 27. Re1 Nd3 28. Qe8+ Kh7 29. Qxg6+ Kxg6 30. Re8 $16) 27. Ra3 Bf5 (27... Nxb2 28. Re1 Kh7 29. Qe8 $17) 28. Rda1 $2 (28. Qf3 Qe6 (28... Bxd4 29. Qxd5+ Qe6 30. Qxe6+ Bxe6 31. Rd2 $15) 29. Qe3) 28... Qh5 29. Kg1 Be4 {[%emt 0:01:02][%cal Ob6d4] ( -> ...Bxd4!). A strong pair of Bishops.} (29... Nxb2 $2 30. h3 c3 31. Qe5 $19 (31. Rxc3 $2 {loses.} Nd1 $19)) 30. h3 {[%emt 0:04:48] [#]} Bxd4 $1 31. Qxd4 Qxh3 {[%emt 0:00:07] Weighted Error Value: White=1.00/Black=0.37.  Loses game:     	White=2     	---        Mistake:       	White=3     	Black=3      Inaccurate:     	White=2     	---        OK:         	White=6     	Black=7      Best:        	White=2     	Black=3      Strong:       	White=1     	Black=1} (31... Nxf4 $2 {too greedy.} 32. Qxa7 (32. Rxa7 {gets mated.} Ne2+ 33. Kf1 Nxd4 34. R7a3 Bd3+ 35. Rxd3 cxd3 36. Kg2 Qf3+ 37. Kh2 Qxf2+ 38. Kh1 Nf3 39. Ra8+ Kh7) 32... Ne2+ 33. Kf1 $18) 0-1